 Dungeon Crawl Stone Soup version 0.18-a0-1060-g4fac74f (webtiles) character file.

81 Trivium the Shield-Bearer (level 4, -6/55 HPs)
             Began as a Formicid Fighter on Jan 12, 2016.
             Mangled by Trivium's ghost (10 damage)
             ... on level 3 of the Dungeon.
             The game lasted 00:02:33 (1908 turns).

Trivium the Shield-Bearer (Formicid Fighter)        Turns: 1908, Time: 00:02:33

Health: -6/55      AC: 22    Str: 26    XL:     4   Next: 68%
Magic:  4/4        EV:  2    Int:  8    God:
Gold:   60         SH: 10    Dex: 10    Spells: 0 memorised, 3 levels left

rFire  . . .     SeeInvis .     a - +0 war axe
rCold  . . .     Gourm    .     (armour currently unavailable)
rNeg   + + +     Faith    .     c - +0 shield
rPois  +         Spirit   .     (helmet unavailable)
rElec  .         Dismiss  .     (cloak currently unavailable)
rCorr  .         Reflect  .     (gloves currently unavailable)
SustAt .         Harm     .     (boots currently unavailable)
MR     .....                    (no amulet)
Stlth  +.........               (no ring)
                                (no ring)

@: mighty, tree-form, not resistant to hostile enchantments, very unstealthy
A: permanent stasis, dig shafts and tunnels, four strong arms, (antennae 0),
(iridescent scales 0), blurry vision 1, (electricity resistance)
a: no special abilities


You were on level 3 of the Dungeon.
You were not hungry.
You were a tree.
You visited 1 branch of the dungeon, and saw 3 of its levels.

You collected 60 gold pieces.

Inventory:

Hand Weapons
 a - a +0 war axe (weapon)
Armour
 b - a +0 scale mail
 c - a +0 shield (worn)
 k - a +0 plate armour (melded)
Wands
 o - a wand of enslavement (13/24)
Scrolls
 e - a scroll of immolation {unknown}
 g - a scroll of remove curse {unknown}
 h - a scroll of enchant weapon {unknown}
 i - a scroll of identify {unknown}
 j - 3 scrolls of enchant armour {unknown}
 q - a scroll of teleportation {unknown}
Comestibles
 f - 5 bread rations
 p - a slice of pizza
 r - 3 chunks of flesh


   Skills:
 + Level 4.0 Fighting
 * Level 2.4 Axes
 + Level 4.1 Armour
 + Level 0.3 Dodging
 + Level 4.3 Shields


You had 3 spell levels left.
You didn't know any spells.

Dungeon Overview and Level Annotations

Branches:
Dungeon (3/15)

Altars:

Annotations:
D:3 Trivium's ghost, amateur FoFi


Innate Abilities, Weirdness & Mutations

You are under a permanent stasis effect.
You can dig through walls and to a lower floor.
Your four strong arms can wield two-handed weapons with a shield.
((You have a pair of large antennae on your head (SInv).))
((You are partially covered in iridescent scales (AC +4).))
Scrolls take you a little longer to read.
((You are resistant to electric shocks.))


Message History

Drink which item? (? for menu, Esc to quit)
It was a potion of mutation.
You feel extremely strange.
Iridescent scales grow over part of your body.
Your vision blurs.
You feel insulated. Trivium's ghost hits you.
* * * LOW HITPOINT WARNING * * *
Unknown command.
Drink which item? (? for menu, Esc to quit)
It was a potion of lignification.
You turn into a tree.
Your +0 plate armour melds into your body.
Your roots penetrate the ground.
Trivium's ghost hits you but does no damage.
Unknown command.
You slash Trivium's ghost!
Trivium's ghost is heavily damaged.
Trivium's ghost hits you but does no damage.
You slash Trivium's ghost!
Trivium's ghost is severely damaged.
You block Trivium's ghost's attack. Trivium's ghost hits you!
You die...

#.............
#.....>†......
###........#..
##........#.
#.##...........
#.............#+
#####........##
#...##W.##..###
#....♣..%......
#....))).#####
#..............
#........###.#.
#........#
#.....!..#
########.# .# ..


You could see Trivium's ghost.

Vanquished Creatures
  2 adders (D:2)
  An ooze (D:2)
  A worm (D:2)
  5 giant geckos (D:2)
  3 orcs (D:3)
  2 giant cockroaches
  4 goblins (D:2)
  5 hobgoblins
  8 kobolds
  A quokka (D:2)
  A ball python (D:2)
  6 bats
  3 giant newts (D:2)
  9 rats
51 creatures vanquished.

Notes
Turn   | Place    | Note
--------------------------------------------------------------
     0 | D:1      | Trivium the Formicid Fighter began the quest for the Orb.
     0 | D:1      | Reached XP level 1. HP: 18/18 MP: 1/1
   376 | D:1      | Reached XP level 2. HP: 21/24 MP: 2/2
   896 | D:2      | Reached skill level 4 in Shields
   896 | D:2      | Reached XP level 3. HP: 12/30 MP: 3/3
  1577 | D:2      | Reached XP level 4. HP: 29/37 MP: 4/4
  1892 | D:3      | Noticed Trivium's ghost (amateur FoFi)
  1905 | D:3      | Gained mutation: You are partially covered in iridescent scales (AC +4). [potion of mutation]
  1905 | D:3      | Gained mutation: Scrolls take you a little longer to read. [potion of mutation]
  1905 | D:3      | Gained mutation: You are resistant to electric shocks. [potion of mutation]
  1908 | D:3      | Mangled by Trivium's ghost

Vault maps used:
D:1:      evilmike_arrival_rings
D:2:      forest_paths, first_bread
D:3:      lemuel_coloured_pillars_altar, nicolae_ru_path_of_blood, st_stairs_5

Action                   |  1- 3 |  4- 6 || total
-------------------------+-------+-------++-------
Melee: War axe           |   147 |    37 ||   184
  Use: Potion            |       |     5 ||     5
  Eat: Chunk             |     2 |     2 ||     4
